Unix NetHack Version 5.0.0-0 post-release - last build Jun 10 2026 00:39:30 (3ee93aec679c4c4259841fe613dc97188e26a321,branch:main).

Game began 2026-07-07 15:47:44, ended 2026-07-07 16:04:08.

DiePARTEI, neutral male human Tourist

      ---------------
      |..............
      |.............|
      |<............-
      |.....@S......|
      -----.------ --

DiePARTEI the Sightseer     St:12 Dx:11 Co:18 In:11 Wi:8 Ch:16  Neutral
Dlvl:7  $:117 HP:0(50) Pw:16(16) AC:1  Xp:5 T:2234  Burdened

Latest messages:
 You see here 7 gold pieces.
 You have a little trouble lifting $ - 7 gold pieces (117 in total).
 You see here a scroll labeled JUYED AWK YACC.
 You have a little trouble lifting W - a scroll labeled JUYED AWK YACC.
 You find a hidden passage.
 The door resists!
 The door opens.
 You fall down the stairs.
 You see here a scroll labeled ELBIB YLOH.
 You have a little trouble lifting X - a scroll labeled ELBIB YLOH.
 The snake bites!
 The snake bites!
 The snake misses!
 In what direction? 6
 The dart misses the snake.
 The snake bites!
 In what direction? 6
 The dart hits the snake.
 The snake misses!
 The snake misses!
 In what direction? 6
 The dart misses the snake.
 The snake misses!
 In what direction? 6
 The dart hits the snake.
 The snake bites!
 In what direction? 6
 The dart hits the snake.
 The snake just misses!
 The snake bites!
 The snake bites!
 In what direction? 6
 The dart misses the snake.
 The snake bites!
 The snake's bite was poisoned!
 In what direction? 6
 The dart hits the snake.
 The snake misses!
 In what direction? 6
 The dart misses the snake.
 The snake bites!
 The snake bites!
 The snake bites!
 The snake's bite was poisoned!
 You die...
 Do you want your possessions identified? [ynq] (y) y
 Do you want to see your attributes? [ynq] (y) y
 Do you want an account of creatures vanquished? [ynaq] (y) y
 Do you want to see your conduct and achievements? [ynq] (y) y
 Do you want to see the dungeon overview? [ynq] (y) y

Inventory:
 Coins    ('$')
  $ - 117 gold pieces
 Weapons  (')')
  a - 4 +2 darts (at the ready)
  V - 5 +0 darts
  D - a +0 orcish dagger
  r - a cursed +0 spetum
 Armor    ('[')
  G - an uncursed +0 orcish helm (being worn)
  K - an uncursed +0 pair of iron shoes (being worn)
  L - an uncursed +0 dwarvish cloak (being worn)
  k - an uncursed +0 Hawaiian shirt with a flamingo motif (being worn)
  n - an uncursed +0 splint mail (being worn)
 Comestibles  ('%')
  h - 2 uncursed cream pies
  b - 7 uncursed food rations
  f - an uncursed fortune cookie
  c - 4 uncursed lembas wafers
  d - 2 uncursed pancakes
  e - an uncursed tripe ration
  g - an uncursed tin of candied kobold meat
 Scrolls  ('?')
  w - an uncursed scroll of amnesia
  A - a blessed scroll of charging
  v - an uncursed scroll of charging
  S - an uncursed scroll of confuse monster
  x - a blessed scroll of destroy armor
  o - an uncursed scroll of enchant weapon
  W - an uncursed scroll of identify
  I - an uncursed scroll of light
  H - a cursed scroll of light
  j - 4 uncursed scrolls of magic mapping
  E - an uncursed scroll of remove curse
  X - a cursed scroll of remove curse
  R - a cursed scroll of teleportation
 Rings    ('=')
  t - an uncursed ring of see invisible
  O - an uncursed ring of sustain ability
 Wands    ('/')
  C - a wand of cancellation (0:4)
 Tools    ('(')
  s - an uncursed sack containing 3 items
  m - an uncursed credit card
  l - an expensive camera (0:50)
  T - an uncursed oil lamp
  U - an uncursed towel
 Gems/Stones  ('*')
  M - an uncursed worthless piece of black glass
  Q - an uncursed worthless piece of blue glass

Contents of the sack:
  715 gold pieces
  an uncursed spellbook of levitation
  an uncursed spellbook of protection

DiePARTEI the Tourist's attributes:

Background:
 You were a Sightseer, a level 5 male human Tourist.
 You were neutral, on a mission for The Lady
 who was opposed by Blind Io (lawful) and Offler (chaotic).
 You were left-handed.
 You were in the Dungeons of Doom, on level 7.
 You entered the dungeon 2234 turns ago.
 You had 183 experience points, 137 more were needed to attain level 6.

Basics:
 You had 0 out of 50 hit points.
 You had all 16 energy points (spell power).
 Your armor class was 1.
 Your wallet contained 117 zorkmids, and
 you had 715 more stashed away in your pack.
 Autopickup was off.

Final Characteristics:
 Your strength was 12 (limit:18/100).
 Your dexterity was 11 (limit:18).
 Your constitution was 18 (limit:18).
 Your intelligence was 11 (limit:18).
 Your wisdom was 8 (limit:18).
 Your charisma was 16 (limit:18).

Final Status:
 You weren't hungry.
 You were burdened; movement was slightly slowed.
 You were bare handed.
 You had basic skill with bare handed combat.

Final Attributes:
 You were piously aligned.
 Your items were somewhat protected from fire.
 Your items were somewhat protected from cold.
 You were telepathic.
 You were warded.
 Your spell casting was impaired by metallic armor.
 You are dead.

Miscellaneous:
 You didn't encounter any bones levels.
 Total elapsed playing time was 16 minutes and 23 seconds.

Major events:
 Turn
    1: DiePARTEI the neutral male human Tourist entered the dungeon
 1195: entered the Gnomish Mines
 1197: attained the rank of Sightseer (level 3)
 2234: killed by a snake

Spells:
 Name                 Level Category     Fail Retention
 levitation             4   escape       100%  76%-100%
 protection             1   clerical     100%  76%-100%

Skills:
 Fighting Skills
   bare handed combat [Basic]
   two weapon combat  [Unskilled]
   riding             [Unskilled]
 Weapon Skills
   dagger             [Unskilled]
   knife              [Unskilled]
   axe                [Unskilled]
   pick-axe           [Unskilled]
   short sword        [Unskilled]
   broadsword         [Unskilled]
   long sword         [Unskilled]
   two-handed sword   [Unskilled]
   saber              [Unskilled]
   mace               [Unskilled]
   morning star       [Unskilled]
   flail              [Unskilled]
   hammer             [Unskilled]
   quarterstaff       [Unskilled]
   polearms           [Unskilled]
   spear              [Unskilled]
   trident            [Unskilled]
   lance              [Unskilled]
   bow                [Unskilled]
   sling              [Unskilled]
   crossbow           [Unskilled]
   dart               [Basic]
   shuriken           [Unskilled]
   boomerang          [Unskilled]
   whip               [Unskilled]
   unicorn horn       [Unskilled]
 Spellcasting Skills
   divination spells  [Unskilled]
   enchantment spells [Unskilled]
   escape spells      [Unskilled]

Voluntary challenges:
 Character rerolling was not enabled.
 You never hit with a wielded weapon.
 You never genocided any monsters.
 You never polymorphed an object.
 You never changed form.
 You used no wishes.
Achievements:
 You entered the Gnomish Mines.
 You attained the rank of Sightseer.
 You entered a shop.

 The Dungeons of Doom: levels 1 to 7
    Level 1:
       Many fountains.
    Level 2:
       A grave.
    Level 3:
       Stairs down to The Gnomish Mines.
    Level 4:
       A ring shop, some fountains.
    Level 5:
    Level 6:
       A sink.
    Level 7: <- You were here.
       Final resting place for
          you, killed by a snake.
 The Gnomish Mines:
    Level 4:


Vanquished creatures:
  a floating eye
  a dwarf
  4 hill orcs
  2 iguanas
  a gas spore
  a hobbit
  a large kobold
  3 giant rats
  4 gnomes
  3 jackals
  a kobold
  2 goblins
  2 sewer rats
  6 grid bugs
  3 lichens
  5 newts
40 creatures vanquished.

No species were genocided or became extinct.

Game over:
                       ----------
                      /          \
                     /    REST    \
                    /      IN      \
                   /     PEACE      \
                  /                  \
                  |    DiePARTEI     |
                  |      832 Au      |
                  |   killed by a    |
                  |      snake       |
                  |                  |
                  |                  |
                  |       2026       |
                 *|     *  *  *      | *
        _________)/\\_//(\/(/\)/\//\/|_)_______

Aloha DiePARTEI the Tourist...

You died in The Dungeons of Doom on dungeon level 7 with 1232 points,
and 832 pieces of gold, after 2234 moves.
You were level 5 with a maximum of 50 hit points when you died.

